 Dungeon Crawl Stone Soup version 0.17-a0-1667-g4ca74a1 (webtiles) character file.

173 Kelyas the Sneak (level 5, -1/25 HPs)
             Began as a Spriggan Enchanter on Aug 17, 2015.
             Slain by a jackal (3 damage)
             ... on level 4 of the Dungeon on Aug 18, 2015.
             The game lasted 00:11:36 (3687 turns).

Kelyas the Sneak (Spriggan Enchanter)               Turns: 3687, Time: 00:11:36

Health: -1/25      AC:  4    Str:  4    XL:     5   Next: 28%
Magic:  11/11      EV: 18    Int: 16    God:
Gold:   157        SH:  0    Dex: 18    Spells: 2 memorised, 7 levels left

rFire  . . .     SeeInvis +     a - +2 dagger
rCold  . . .     Clarity  .     b - +1 robe
rNeg   . . .     SustAt   .     (shield restricted)
rPois  .         Gourm    .     (helmet restricted)
rElec  .         Spirit   .     v - +0 cloak
rCorr  .         Warding  .     (gloves unavailable)
rMut   .         Stasis   .     (boots unavailable)
MR     .....                    r - amulet of inaccuracy (curse)
Stlth  ++++......               (no ring)
                                (no ring)

@: very quick, not resistant to hostile enchantments, stealthy
A: unfitting armour, see invisible, herbivore 3, speed 3, slow metabolism 2
a: no special abilities


You were on level 4 of the Dungeon.
You were not hungry.

You visited 1 branch of the dungeon, and saw 4 of its levels.

You collected 157 gold pieces.

Inventory:

Hand weapons
 a - a +2 dagger (weapon)
 t - a cursed -1 rapier
Armour
 b - a +1 robe (worn)
 v - a +0 cloak (worn)
Jewellery
 r - a cursed amulet of inaccuracy (around neck)
Scrolls
 f - a scroll of enchant weapon
 g - a scroll of immolation {unknown}
 m - a scroll of teleportation
 q - a scroll of magic mapping
Potions
 e - a potion of cancellation {unknown}
 i - a potion of beneficial mutation {unknown}
 j - 2 potions of curing {unknown}
 k - 2 potions of haste
 o - 2 potions of degeneration {unknown}
 s - a potion of magic {unknown}
 u - a potion of poison {unknown}
Books
 c - a book of Maledictions

   Spells                             Type                      Level
   a - Corona                         Hexes                        1
   b - Ensorcelled Hibernation        Hexes/Ice                    2
   c - Confuse                        Hexes                        3
   d - Tukima's Dance                 Hexes                        3
   e - Dazzling Spray                 Conjuration/Hexes            3
Miscellaneous
 p - a plain deck of summoning
Comestibles
 d - 4 bread rations


   Skills:
 * Level 1.0 Fighting
 * Level 3.1 Short Blades
 - Level 3.0 Dodging
 * Level 5.7 Stealth
 * Level 3.4 Spellcasting
 * Level 4.6 Hexes
 - Level 1.0 Ice Magic


You had 7 spell levels left.
You knew the following spells:

 Your Spells              Type           Power        Failure   Level  Hunger
a - Corona                Hex            ###....      3%          1    None
c - Ensorcelled Hibernat  Hex/Ice        ##....       10%         2    ##.....


Dungeon Overview and Level Annotations

Branches:
Dungeon (4/15)
 Temple: D:4-7

Altars:
Nemelex Xobeh


Innate Abilities, Weirdness & Mutations

You are tiny and cannot use many weapons and most armour.
You have supernaturally acute eyesight.
You are a herbivore.
You cover ground extremely quickly.
You need consume almost no food.


Message History

The orc completely misses you.
The orc priest moves out of view.
An orc comes into view. It is wielding a whip.
An orc comes into view. It is wielding a dagger.
An orc comes into view. It is wielding a trident.
The orc shouts! x2
You hit the phantom.
The phantom is severely damaged.
The orc priest invokes the aid of Beogh against you.
Something smites you!
* * * LOW HITPOINT WARNING * * *
The phantom hits you.
* * * LOW HITPOINT WARNING * * *
The phantom blinks!
Unknown command.
Unknown command.
You hit the orc.
You kill the orc!
The orc barely misses you.
You hit the jackal but do no damage. The jackal bites you.
You die... #...........#. ####.####........ ##.............# . # .....####.###### .. .# ##.### #.# ...... ...# #.## ##.. .... #### #.#.###.. ooo..

#.##.#.###o.....
#.....hh@Wo.....
######.####......
...<.....# .....
.###.###.## ####
# #.h##
###..###..######
................
................
.≈.≈≈h..≈...≈≈≈≈


You could see a phantom, an orc priest, 4 orcs and 2 jackals.

Vanquished Creatures
  2 worker ants
  2 adders
  3 oozes
  2 worms (D:2)
  4 giant geckos
  5 orcs
  6 bats
  5 giant cockroaches
  8 hobgoblins
  11 jackals
  6 kobolds
  3 quokkas
  2 ball pythons
  8 giant newts
  6 goblins
  8 rats
81 creatures vanquished.

Notes
Turn   | Place    | Note
--------------------------------------------------------------
     0 | D:1      | Kelyas the Spriggan Enchanter began the quest for the Orb.
     0 | D:1      | Reached XP level 1. HP: 9/9 MP: 5/5
   259 | D:1      | Reached XP level 2. HP: 2/13 MP: 3/6
   609 | D:1      | Learned a level 2 spell: Ensorcelled Hibernation
   792 | D:1      | Reached skill level 5 in Stealth
  1293 | D:1      | Reached XP level 3. HP: 11/16 MP: 6/8
  2031 | D:2      | Reached XP level 4. HP: 11/21 MP: 0/9
  2313 | D:2      | Found a sparkling altar of Nemelex Xobeh.
  2612 | D:3      | Reached skill level 1 in Ice Magic
  3187 | D:3      | Reached XP level 5. HP: 21/25 MP: 3/10
  3359 | D:4      | Reached skill level 1 in Fighting
  3655 | D:4      | Noticed a phantom
  3687 | D:4      | Slain by a jackal

Vault maps used:
D:1:      evilmike_arrival_plus, minmay_misc_feat_enclosed
D:2:      nemelex_deck, first_bread
D:4:      minmay_goblin_kobold_castle, kennysheep_mini, uniq_grinder

Action                   |  1- 3 |  4- 6 || total
-------------------------+-------+-------++-------
Melee: Dagger            |   174 |   113 ||   287
 Cast: Corona            |    13 |     1 ||    14
       Ensorcelled Hiber |     9 |    17 ||    26
  Use: Scroll            |       |     8 ||     8
 Stab: Sleeping          |    15 |    26 ||    41
  Eat: Royal jelly       |       |     1 ||     1
